 Dungeon Crawl Stone Soup version 0.18.1-47-g9310371 (webtiles) character file.

168 GordonOverkill the Skirmisher (level 5, -7/51 HPs)
             Began as a Gargoyle Skald on June 19, 2016.
             Mangled by an ogre
             ... wielding a +0 giant club
              (21 damage)
             ... on level 3 of the Dungeon.
             The game lasted 00:15:16 (3627 turns).

GordonOverkill the Skirmisher (Gargoyle Skald)      Turns: 3627, Time: 00:15:16

Health: -7/51      AC: 22    Str: 16    XL:     5   Next: 49%
Magic:  8/8        EV:  2    Int: 13    God:
Gold:   154        SH:  0    Dex:  9    Spells: 1 memorised, 7 levels left

rFire  . . .     SeeInvis .     v - +0 morningstar
rCold  . . .     Gourm    .     (armour currently unavailable)
rNeg   + + +     Faith    .     (no shield)
rPois  ∞         Spirit   .     (helmet currently unavailable)
rElec  .         Dismiss  .     (cloak currently unavailable)
rCorr  .         Reflect  .     (gloves currently unavailable)
SustAt .         Harm     .     (boots currently unavailable)
MR     .....     NoTele   +     (no amulet)
Stlth  +.........               (no ring)
                                (no ring)

@: tree-form, drained, not resistant to hostile enchantments, very unstealthy
A: negative energy resistance 1, (electricity resistance), (unbreathing),
petrification resistance, rot immunity, AC +4
a: no special abilities


You were on level 3 of the Dungeon.
You were very hungry.
You were a tree.
You visited 1 branch of the dungeon, and saw 4 of its levels.

You collected 154 gold pieces.

Inventory:

Hand Weapons
 v - a +0 morningstar (weapon)
Missiles
 l - a throwing net (quivered)
Armour
 n - a cursed +0 plate armour (melded)
Potions
 f - a potion of brilliance
 i - a potion of mutation
 s - a potion of magic {unknown}
 u - a potion of haste {unknown}
Books
 c - a book of Battle

   Spells                             Type                      Level
   a - Infusion                       Charms                       1
   b - Shroud of Golubria             Charms/Translocation         2
   c - Song of Slaying                Charms                       2
   d - Spectral Weapon                Hexes/Charms                 3
   e - Regeneration                   Charms/Necromancy            3
Comestibles
 b - a slice of pizza
 d - 3 bread rations
 g - 2 royal jellies
 h - a meat ration
 m - 5 fruits
 r - a beef jerky


   Skills:
 + Level 4.4(3.3) Fighting
 + Level 4.1(3.0) Maces & Flails
 - Level 1.1(0.1) Armour
 - Level 0.7(0.0) Dodging
 - Level 2.0(0.9) Spellcasting
 - Level 2.6(1.6) Charms


You had 7 spell levels left.
You knew the following spells:

 Your Spells              Type           Power        Failure   Level  Hunger
a - Infusion              Chrm           #...         17%         1    ##.....


Dungeon Overview and Level Annotations

Branches:
Dungeon (4/15)
 Temple: D:4-7

Altars:
Elyvilon
Ru
Xom

Annotations:
D:3 Eustachio


Innate Abilities, Weirdness & Mutations

You are resistant to torment.
((Your stone body is resilient (AC +4).))
You are immune to poison.
You resist negative energy.
((You are resistant to electric shocks.))
((You can survive without breathing.))
You are immune to petrification.
You are immune to rotting.


Message History

Drink which item? (? for menu, Esc to quit)
Okay, then.
Drink which item? (? for menu, Esc to quit)
You turn into a tree.
Your cursed +0 plate armour melds into your body.
Your roots penetrate the ground.
You puncture the ogre!
The ogre is moderately wounded.
The ogre hits you with a giant club!
* * * LOW HITPOINT WARNING * * *
You puncture the ogre!
The ogre is almost dead.
The bat hits you but does no damage. The ogre hits you but does no damage.
You barely miss the ogre.
The ogre is almost dead.
The ogre hits you but does no damage. The bat hits you but does no damage.
You hit the ogre.
The ogre is almost dead.
The bat hits you but does no damage. The ogre hits you with a giant club!!
You die...

####+..# #.# #...#...# #
#...#..#### #.# #...#...# #
#.÷.#.....# #.# #...#...# #
....##....# #.# #...#...#
_.####....# #.# #...#...#
....##.########.# ##.##...#
#...#...........# #.##...#
#...#...############.##...#######
####'.......r5rO♣.#..............
#......@########b###############
####............#.# #..........#
...#.#...#..###.#.####.#####.##.#
#.##.#####..#.......##.#.....##.#
#.##................##.#.##......
#...........#.##....##.#.##....##
##.....######.##....##.#.##......
#..........#.......#.....#....##


You could see an ogre, an ufetubus, 2 quokkas and a bat.

Vanquished Creatures
  8 adders
  A worm (D:3)
  An adder skeleton (D:4)
  2 dart slugs (D:1)
  2 giant geckos
  8 orcs (D:3)
  3 ball pythons
  11 bats
  2 giant cockroaches
  8 goblins
  7 hobgoblins
  11 kobolds
  2 quokkas
  6 giant newts
  8 rats
80 creatures vanquished.

Notes
Turn   | Place    | Note
--------------------------------------------------------------
     0 | D:1      | GordonOverkill the Gargoyle Skald began the quest for the Orb.
     0 | D:1      | Reached XP level 1. HP: 12/12 MP: 3/3
    72 | D:1      | Reached XP level 2. HP: 16/18 MP: 5/5
   708 | D:1      | Reached XP level 3. HP: 13/23 MP: 6/6
  1488 | D:2      | Reached XP level 4. HP: 28/28 MP: 7/7
  1869 | D:2      | Found a white marble altar of Elyvilon.
  2020 | D:3      | Found a shimmering altar of Xom.
  2175 | D:3      | Reached XP level 5. HP: 27/33 MP: 8/8
  2373 | D:3      | Found a sacrificial altar of Ru.
  2422 | D:3      | Became a worshipper of Ru the Awakened
  3047 | D:3      | Fell from the grace of Ru
  3204 | D:4      | Noticed an ogre
  3568 | D:4      | Noticed Eustachio
  3627 | D:3      | Mangled by an ogre

Skill      XL: |  1  2  3  4  5 |
---------------+----------------+-----
Fighting       | 3 4 |  4.4
Maces & Flails | 3 4 |  4.1
Armour         | |  1.1
Dodging        | |  0.7
Spellcasting   | |  2.0
Charms         | |  2.6

Action                   |  1- 3 |  4- 6 || total
-------------------------+-------+-------++-------
Melee: Mace              |   115 |   145 ||   260
       Morningstar       |       |   137 ||   137
Invok: Renounce Religion |       |     1 ||     1
  Use: Scroll            |       |     7 ||     7
       Potion            |       |     1 ||     1
 Stab: Paralysed         |       |     1 ||     1
  Eat: Chunk             |     2 |     6 ||     8
Armor: Leather armour    |    48 |       ||    48
       Plate armour      |       |   275 ||   275
       Skin              |       |     5 ||     5
Dodge: Dodged            |    80 |    83 ||   163
